 Dungeon Crawl Stone Soup version 0.28-a0-1002-gf00fe891ef (webtiles) character file.

Game seed: 9255889767877758290

2 fragbeetle the Shield-Bearer (level 1, 0/20 HPs)
             Began as a Minotaur Fighter on Dec 7, 2021.
             Slain by a goblin (3 damage)
             ... on level 1 of the Dungeon.
             The game lasted 00:00:11 (91 turns).

fragbeetle the Shield-Bearer (Minotaur Fighter)       Turns: 91, Time: 00:00:11

Health: 0/20       AC:  7    Str: 20    XL:     1   Next: 33%
Magic:  0/0        EV:  9    Int:  5    God:
Gold:   4          SH:  4    Dex:  9    Spells: 0/0 levels left

rFire   . . .      SeeInvis .   a - +0 war axe
rCold   . . .      Faith    .   c - +0 buckler
rNeg    . . .      Spirit   .   b - +0 scale mail
rPois   .          Reflect  .   (helmet restricted)
rElec   .          Harm     .   (no cloak)
rCorr   .          Rampage  .   (no gloves)
Will    .....                   (no boots)
Stlth   ..........              (no amulet)
HPRegen 0.06/turn               (no ring)
MPRegen 0.07/turn               (no ring)

@: lethally poisoned (0 -> -9)
A: horns 2, retaliatory headbutt
a: no special abilities


You were on level 1 of the Dungeon.
You visited 1 branch of the dungeon, and saw 1 of its levels.

You collected 4 gold pieces.

Inventory:

Hand Weapons
 a - a +0 war axe (weapon)
Armour
 b - a +0 scale mail (worn)
 c - a +0 buckler (worn)
Potions
 d - a potion of might


   Skills:
 + Level 3.7 Fighting
 + Level 2.4 Axes
 + Level 3.7 Armour
 + Level 3.7 Shields


You couldn't memorise any spells.
You didn't know any spells.
Your spell library was empty.

Dungeon Overview and Level Annotations

Branches:
Dungeon (1/15)

Altars:


Innate Abilities, Weirdness & Mutations

You have a pair of horns on your head.
You reflexively headbutt those who attack you in melee.


Message History

The quokka barely misses you.
You barely miss the quokka.
The quokka bites you but does no damage.
You slash the quokka!
You kill the quokka!
You see here a quokka corpse.
An endoplasm comes into view.
The endoplasm quivers.
You hit the endoplasm.
The endoplasm is almost dead.
The endoplasm jiggles.
The endoplasm hits you.
You slash the endoplasm!
You kill the endoplasm!
HP restored.
A goblin comes into view. It is wielding a +1 dagger of venom.
Found 9 sling bullets.
You block the goblin's attack.
You barely miss the goblin. You block the goblin's attack.
You closely miss the goblin. Your headbutt misses the goblin.
The goblin hits you with a +1 dagger of venom.
You are poisoned.
The goblin closely misses you.
You barely miss the goblin. Your headbutt misses the goblin.
You feel very sick. You block the goblin's attack.
You closely miss the goblin.
You feel very sick.
The goblin hits you with a +1 dagger of venom.
You are lethally poisoned!
You closely miss the goblin. Your headbutt misses the goblin.
You feel very sick. The goblin hits you but does no damage.
You are more poisoned.
The goblin misses you.
You hit the goblin but do no damage.
* * * LOW HITPOINT WARNING * * *
You feel very sick.
The goblin hits you with a +1 dagger of venom.
You die...

..........## ###.
.#######..... #...
###.......###..
...###.............##
.#......#######.....
#..... ###... #....#
##.. #..(.## ##.. ..
#..@g.### ###...
#...#......#######.<...
#....###.............##
##......###.......###..
###.......#######.....
#####.....†.......##
###############


You could see a goblin.

Vanquished Creatures
  An endoplasm (D:1)
  A quokka (D:1)
2 creatures vanquished.

Notes
Turn   | Place    | Note
-------+----------+-------------------------------------------
     0 | D:1      | fragbeetle the Minotaur Fighter began the quest for the
                  | Orb.
     0 | D:1      | Reached XP level 1. HP: 19/19 MP: 0/0
    91 | D:1      | Slain by a goblin

Illustrated notes

Levels and vault maps discovered:
D:1:      dpeg_arrival_oval, layout_basic

Action                   || total
-------------------------++-------
Melee: War axe           ||    12
Armor: Scale mail        ||     4
Dodge: Dodged            ||     3
Block: Buckler           ||     3

Table legend: (Time is in decaauts)
 A = Elapsed time spent in this place.
 B = Non-inter-level travel time spent in this place.
 C = Inter-level travel time spent in this place.
 D = Time resting spent in this place.
 E = Time spent auto-exploring this place.
 F = Levels seen in this place.
 G = Mean time per level.
                   A        B        C        D        E       F      G
               +--------+--------+--------+--------+--------+-----+--------+
         Total |     95 |     95 |      0 |      0 |     64 |   1 |   95.0 |
       Dungeon |     95 |     95 |      0 |      0 |     64 |   1 |   95.0 |
               +--------+--------+--------+--------+--------+-----+--------+

Top non-repeatable levels by time:
     D:1: 95 daAuts
